 Dungeon Crawl Stone Soup version 0.30-a0-585-g93115170b9 (webtiles) character file.

Game seed: 17197984463806482275

18 ragingrage the Slasher (level 2, -3/17 HPs)
             Began as a Tengu Warper on Jan 2, 2023.
             Killed by nerve-wracking pain
             ... invoked by Jessica
              (13 damage)
             ... on level 2 of the Dungeon.
             The game lasted 00:01:04 (1011 turns).

ragingrage the Slasher (Tengu Warper)               Turns: 1011, Time: 00:01:05

Health: -3/17      AC:  3    Str: 11    XL:     2   Next: 70%
Magic:  6/6        EV: 11    Int: 13    God:
Gold:   89         SH:  0    Dex: 13    Spells: 5/5 levels left

rFire   . . .      SeeInvis .    a - +0 falchion
rCold   . . .      Faith    .    (no shield)
rNeg    . . .      Spirit   .    b - +0 leather armour
rPois   .          Reflect  .    (helmet restricted)
rElec   .          Harm     .    (no cloak)
rCorr   .          Rampage  .    (no gloves)
Will    .....                    (boots unavailable)
Stlth   +                        (no amulet)
HPRegen 0.22/turn                (no ring)
MPRegen 0.10/turn                (no ring)

@: no status effects
A: beak, talons 3
a: no special abilities


You were on level 2 of the Dungeon.
You visited 1 branch of the dungeon, and saw 2 of its levels.

You collected 89 gold pieces.

Inventory:

Hand Weapons
 a - a +0 falchion (weapon)
Missiles
 d - 7 boomerangs of dispersal (quivered)
Armour
 b - a +0 leather armour (worn)
Scrolls
 c - 2 scrolls of blinking
 f - a scroll of fear {unknown}
 g - a scroll of noise {unknown}
 h - a scroll of enchant armour {unknown}
 i - a scroll of enchant weapon {unknown}
Potions
 e - a potion of cancellation {unknown}


   Skills:
 - Level 2.0 Fighting
 + Level 3.5 Long Blades
 - Level 1.0 Throwing
 - Level 1.1 Armour
 - Level 2.1 Dodging
 - Level 2.0 Spellcasting
 - Level 2.4 Translocations


You had 5 spell levels left.
You didn't know any spells.
Your spell library contained the following spells:

 Spells                   Type           Power      Damage    Failure   Level
 Apportation              Tloc           14%        N/A       13%         1
 Blink                    Tloc           14%        N/A       19%         2
 Necrotise                Necr           4%         1d4       32%         1
 Summon Small Mammal      Summ           4%         N/A       32%         1
 Lesser Beckoning         Tloc           14%        N/A       36%         3
 Teleport Other           Tloc           7%         N/A       36%         3
 Vhi's Electric Charge    Tloc/Air       8%         N/A       52%         3
 Manifold Assault         Tloc           7%         N/A       77%         4


Dungeon Overview and Level Annotations

Branches:
Dungeon (2/15)

Altars:

Annotations:
D:2 Jessica


Innate Abilities, Weirdness & Mutations

You have a beak for a mouth.
You have claws for feet.


Message History

You miss the frilled lizard. Your kick misses the frilled lizard.
You punch the frilled lizard.
The frilled lizard is severely wounded.
The frilled lizard barely misses you.
A frilled lizard is nearby!
You hit the frilled lizard.
You kill the frilled lizard!
You see here a frilled lizard corpse.
You start resting.
A giant cockroach is nearby!
A giant cockroach is nearby!
A giant cockroach is nearby!
You start resting.
HP restored.
You now have 72 gold pieces (gained 5).
You see here a +0 club.
You now have 84 gold pieces (gained 12).
Found a robe.
Found a stone staircase leading down.
You now have 89 gold pieces (gained 5).
A jackal is nearby!
What are your orders? t - Shout!
Orders for allies: a - Attack new target. r - Retreat! s - Stop attacking. g - Guard the area. f - Follow me.
Anything else - Cancel.
You shout for attention!
You hear a bark! x3
You start waiting.
Jessica the Apprentice Sorceress comes into view.
She is wielding a +0 club.
An adder comes into view.
You barely miss Jessica. You peck Jessica, but do no damage.
Jessica hits you with a +0 club!
You barely miss Jessica. Jessica hits you but does no damage.
You slash Jessica!
Jessica is severely wounded.
Jessica casts a spell at you. Pain shoots through your body!
Ouch! That really hurt!
You die...

###### #.....#
.......##########
................# .
.............[..##...
...>.................
.............@@......
h................#...
.................# #
..............^.## ..
................####.#
.............#.##....
# ...........#.#.#..#
.# .####............#
#.# ........#.....#
#..#


You could see Jessica.

Vanquished Creatures
  A worm (D:2)
  2 ball pythons (D:2)
  An endoplasm (D:2)
  A giant cockroach (D:1)
  A hobgoblin (D:1)
  A jackal (D:2)
  A quokka (D:1)
  2 bats
  3 frilled lizards
  3 kobolds
  A rat (D:2)
17 creatures vanquished.

Notes
Turn   | Place    | Note
-------+----------+-------------------------------------------
     0 | D:1      | ragingrage the Tengu Warper began the quest for the Orb.
     0 | D:1      | Reached XP level 1. HP: 12/12 MP: 4/4
   317 | D:1      | Reached XP level 2. HP: 17/17 MP: 6/6
   692 | D:1      | Reached skill level 3 in Long Blades
  1005 | D:2      | Noticed Jessica
  1011 | D:2      | Killed from afar by Jessica

Illustrated notes

Levels and vault maps discovered:
D:1:      tarquinn_simple_flora_water_b, layout_basic
D:2:      layout_rooms, kennysheep_donut, minmay_surrounded, uniq_jessica

Skill      XL: |  1  2 |
---------------+-------+-----
Long Blades    | 3 |  3.5
Fighting       | |  2.0
Throwing       | |  1.0
Armour         | |  1.1
Dodging        | |  2.1
Spellcasting   | |  2.0
Translocations | |  2.4

Action                   || total
-------------------------++-------
Melee: Falchion          ||    50
       Kick              ||     8
       Peck              ||     6
       Punch             ||     2
Armor: Leather armour    ||    19
Dodge: Dodged            ||    24

Table legend: (Time is in decaauts)
 A = Elapsed time spent in this place.
 B = Non-inter-level travel time spent in this place.
 C = Inter-level travel time spent in this place.
 D = Time resting spent in this place.
 E = Time spent auto-exploring this place.
 F = Levels seen in this place.
 G = Mean time per level.
                   A        B        C        D        E       F      G
               +--------+--------+--------+--------+--------+-----+--------+
         Total |   1020 |    892 |    128 |    178 |    520 |   2 |  510.0 |
       Dungeon |   1020 |    892 |    128 |    178 |    520 |   2 |  510.0 |
               +--------+--------+--------+--------+--------+-----+--------+

Top non-repeatable levels by time:
     D:1: 791 daAuts
     D:2: 228 daAuts
